 Dungeon Crawl Stone Soup version 0.20.1-1-g8b1a95d (webtiles) character file.

109 slep the Chopper (level 4, 0/23 HPs)
             Began as a Vine Stalker Gladiator on Dec 19, 2017.
             Slain by a worker ant (3 damage)
             ... on level 4 of the Dungeon.
             The game lasted 00:05:10 (1353 turns).

slep the Chopper (Vine Stalker Gladiator)           Turns: 1353, Time: 00:05:11

Health: 0/23       AC:  4    Str: 16    XL:     4   Next: 90%
Magic:  0/5        EV: 13    Int: 11    God:
Gold:   113        SH:  0    Dex: 17    Spells: 3/3 levels left

rFire    . . .     SeeInvis .   a - +0 war axe
rCold    + . .     Gourm    .   (no shield)
rNeg     . . .     Faith    .   b - +0 leather armour
rPois    .         Spirit   +   c - +0 helmet
rElec    .         Reflect  .   (no cloak)
rCorr    .         Harm     .   (no gloves)
MR       .....                  (no boots)
Stlth    +.........             (no amulet)
Regen    0.5/turn               h - ring of protection from cold
MPRegen  0.1/turn               o - +3 ring of intelligence

@: no status effects
A: fangs 2, regeneration 1, magic shield, antimagic bite, no potion heal 3, rot
immunity
a: no special abilities


You were on level 4 of the Dungeon.
You were hungry.

You visited 1 branch of the dungeon, and saw 4 of its levels.

You collected 113 gold pieces.

Inventory:

Hand Weapons
 a - a +0 war axe (weapon)
Missiles
 d - 3 throwing nets (quivered)
 k - 23 poisoned needles
 m - 12 sling bullets
Armour
 b - a +0 leather armour (worn)
 c - a +0 helmet (worn)
Jewellery
 h - a ring of protection from cold (left hand)
 o - a +3 ring of intelligence (right hand)
Scrolls
 e - a scroll of immolation {unknown}
 p - 4 scrolls of identify {unknown}
 r - a scroll of blinking {unknown}
Potions
 l - a potion of heal wounds {unknown}
 n - a potion of ambrosia {unknown}
 q - 2 potions of haste {unknown}
 s - 2 potions of curing {unknown}
 t - a potion of degeneration {unknown}
 u - a potion of magic {unknown}
Comestibles
 f - a bread ration
 g - 2 fruits
 i - a royal jelly
 j - 2 meat rations
 v - 3 chunks of flesh


   Skills:
 + Level 2.0 Fighting
 + Level 4.1 Axes
 + Level 1.9 Throwing
 + Level 0.8 Armour
 + Level 2.9 Dodging
 + Level 0.3 Stealth


You had 3 spell levels left.
You didn't know any spells.

Dungeon Overview and Level Annotations

Branches:
Dungeon (4/15)
 Temple: D:4-7

Altars:
Trog
Vehumet

Annotations:
D:3 slep's ghost, amateur DsGl


Innate Abilities, Weirdness & Mutations

You have extremely sharp teeth.
Your natural rate of healing is unusually fast.
When hurt, damage is shared between your health and your magic reserves.
Your bite disrupts and absorbs the magic of your enemies.
Potions cannot restore your health.
You are immune to rotting.


Message History

The worker ant twitches its antennae in your direction.
Found 7 gold pieces.
You closely miss the phantom.
The phantom is moderately damaged.
You feel sick. The phantom hits you.
* * * LOW HITPOINT WARNING * * *
You miss the phantom. You bite the phantom, but do no damage.
The phantom is moderately damaged.
The phantom hits you.
* * * LOW HITPOINT WARNING * * *
The phantom blinks!
You closely miss the worker ant. Your bite misses the worker ant.
You are feeling hungry.
The worker ant closely misses you.
You barely miss the worker ant.
You bite the worker ant, but do no damage.
You feel sick.
You are no longer poisoned.
The worker ant bites you.
You die...

#####.#... #.
...(..#...
#.#####.......#. #
................ ..
....[##......#.. ...
#.....#.............
.......<....# .....
##..........##......
#...#..†...@a...W..
##.#.......##..$...
...........# .....
.............# ####
.............#
##############


You could see a phantom and a worker ant.

Vanquished Creatures
  A worker ant (D:4)
  Robin (D:3)
  2 adders (D:2)
  3 dart slugs
  2 bats (D:1)
  A giant cockroach (D:1)
  13 goblins
  8 hobgoblins
  A ball python (D:2)
  3 frilled lizards
  5 kobolds
  8 rats
48 creatures vanquished.

Notes
Turn   | Place    | Note
-------+----------+-------------------------------------------
     0 | D:1      | slep the Vine Stalker Gladiator began the quest for the Orb.
     0 | D:1      | Reached XP level 1. HP: 11/11 MP: 2/2
   225 | D:1      | Reached skill level 3 in Axes
   225 | D:1      | Reached XP level 2. HP: 9/15 MP: 1/3
   703 | D:2      | Reached XP level 3. HP: 18/18 MP: 4/4
   820 | D:2      | Found a radiant altar of Vehumet.
   824 | D:2      | Found a bloodstained altar of Trog.
  1150 | D:2      | Gained mutation: Your natural rate of healing is unusually fast. [Vine Stalker growth]
  1150 | D:2      | Reached XP level 4. HP: 20/23 MP: 3/5
  1230 | D:3      | Noticed Robin
  1240 | D:3      | HP: 1/23 [Robin/club (3)]
  1247 | D:3      | Killed Robin
  1302 | D:3      | Noticed slep's ghost (amateur DsGl)
  1332 | D:4      | Noticed a phantom
  1337 | D:4      | Reached skill level 4 in Axes
  1353 | D:4      | Slain by a worker ant

Skill      XL: |  1  2  3  4 |
---------------+-------------+-----
Axes           | 3 4 |  4.1
Fighting       | 2 |  2.0
Throwing       | |  1.9
Armour         | |  0.8
Dodging        | |  2.9
Stealth        | |  0.3

Action                   |  1- 3 |  4- 6 || total
-------------------------+-------+-------++-------
Melee: War axe           |    62 |    27 ||    89
       Bite              |    17 |    12 ||    29
 Stab: Sleeping          |     1 |       ||     1
  Eat: Chunk             |     1 |       ||     1
Armor: Leather armour    |    21 |     6 ||    27
Dodge: Dodged            |    46 |    21 ||    67
